 Dungeon Sprint DCSS version 0.17-a0-1450-g7e755d1 (webtiles) character file.

758 pulse the Cleaver (level 8, 0/72 HPs)
             Began as a Formicid Berserker on June 30, 2015.
             Was a High Priest of Trog.
             Slain by a hill giant
             ... wielding a +0 giant club
              (29 damage)
             ... in the Dungeon (Sprint IX: "|||||||||||||||||||||||||||||").
             The game lasted 00:02:12 (484 turns).

pulse the Cleaver (Formicid Berserker)               Turns: 484, Time: 00:02:12

Health: 0/72       AC: 15    Str: 24    XL:     8   Next: 7%
Magic:  6/9        EV:  8    Int: 10    God:    Trog [*****.]
Gold:   0          SH:  0    Dex: 13    Spells: 0 memorised, 7 levels left

rFire  . . .     SeeInvis +     o - +3 war axe (chop)
rCold  . . .     Clarity  .     p - +0 plate armour
rNeg   . . .     SustAt   .     (no shield)
rPois  .         Gourm    .     (helmet unavailable)
rElec  .         Spirit   .     e - +0 cloak
rCorr  .         Warding  .     a - +0 pair of gloves
rMut   .         Stasis   +     (no boots)
MR     .....                    (no amulet)
Stlth  ..........               q - +3 ring of dexterity
                                n - +3 ring of intelligence

@: very slightly contaminated, invisible, not resistant to hostile enchantments,
extremely unstealthy
A: permanent stasis, dig shafts and tunnels, four strong arms, antennae 3
a: Dig, Burn Spellbooks, Trog's Hand, Brothers in Arms, Renounce Religion


You were in the Dungeon.
You worshipped Trog.
Trog was extremely pleased with you.
You were not hungry.

You visited 1 branch

Inventory:

Hand weapons
 o - a +3 war axe of chopping (weapon)
Armour
 a - a +0 pair of gloves (worn)
 e - a +0 cloak (worn)
 p - a +0 plate armour (worn)
Jewellery
 n - a +3 ring of intelligence (left hand)
 q - a +3 ring of dexterity (right hand)
Magical devices
 m - a wand of fire (2)
Scrolls
 i - 2 scrolls of blinking
 l - 3 scrolls of remove curse
Potions
 d - 4 potions of curing
 f - a potion of haste
 g - 4 potions of magic
 h - a potion of berserk rage
Comestibles
 c - a bread ration


   Skills:
 + Level 10.2 Fighting
 * Level 12.3 Axes
 + Level 5.6 Armour
 - Level 2.5 Dodging
 + Level 4.8 Stealth
 + Level 2.1 Evocations


You had 7 spell levels left.
You didn't know any spells.

Dungeon Overview and Level Annotations

Branches:
Dungeon (1/1)

Altars:
Cheibriados
Dithmenos
Elyvilon
Fedhas
Gozag
Kikubaaqudgha
Makhleb
Nemelex Xobeh
Okawaru
Qazlal
Ru
Sif Muna
Trog
Vehumet
Xom
Yredelemnul
Zin
The Shining One
Beogh
Jiyva
Lugonu


Innate Abilities, Weirdness & Mutations

You are under a permanent stasis effect.
You can dig through walls and to a lower floor.
Your four strong arms can wield two-handed weapons with a shield.
You have a pair of large antennae on your head (SInv).


Message History

The slime creature quivers.
You are too injured to fight recklessly!
Drink which item? (? for menu, Esc to quit)
You feel much better.
The hill giant hits you with a giant club!!
The slime creature quivers.
Zapping:
m - a wand of fire (3)
Press: ? - help, Shift-Dir - straight line, f/p - ice beast
Aim: an ice beast (hasn't noticed you)
The bolt of fire hits the hill giant.
The hill giant is heavily wounded.
The bolt of fire hits the slime creature.
The slime creature is moderately wounded.
The slime creature quivers.
The bolt of fire hits the ice beast.
The ice beast melts!
The ice beast is severely wounded.
This wand has 2 charges left.
The slime creature quivers.
The hill giant hits you with a giant club!!
You die... ▓▓▓▓▓▓▓▓▓▓▓▓▓▓▓▓▓▓▓▓▓▓ +YJ.C@.'....)()(....)| ▓▓▓▓▓▓▓▓▓▓▓▓▓▓▓▓▓▓▓▓▓▓ {{{{{{{{

You could see a slime creature (wandering), a hill giant and an ice beast (wandering).

Vanquished Creatures
  An ugly thing (D)
  A wyvern (D)
  A mottled dragon (D)
  An orc warrior (D)
  An orc wizard (D)
  An ooze (D)
  A giant gecko (D)
  2 orcs (D)
  A goblin (D)
  2 hobgoblins (D)
  2 kobolds (D)
  A giant cockroach (D)
  A giant cockroach zombie (D)
  A jackal (D)
  A jackal skeleton (D)
  A rat (D)
19 creatures vanquished.

Notes
Turn   | Place    | Note
--------------------------------------------------------------
     0 | D        | pulse the Formicid Berserker began the quest for the Orb.
     0 | D        | Reached XP level 1. HP: 18/18 MP: 1/1
    22 | D        | Acquired Trog's second power
    22 | D        | Reached skill level 4 in Fighting
    22 | D        | Reached XP level 2. HP: 10/25 MP: 2/2
   356 | D        | Acquired Trog's third power
   364 | D        | Found a glowing silver altar of Zin.
   364 | D        | Found a glowing golden altar of the Shining One.
   364 | D        | Found an ancient bone altar of Kikubaaqudgha.
   364 | D        | Found a basalt altar of Yredelemnul.
   364 | D        | Found a shimmering altar of Xom.
   364 | D        | Found a radiant altar of Vehumet.
   365 | D        | Found an iron altar of Okawaru.
   366 | D        | Found a burning altar of Makhleb.
   367 | D        | Found a deep blue altar of Sif Muna.
   368 | D        | Found a bloodstained altar of Trog.
   369 | D        | Found a sparkling altar of Nemelex Xobeh.
   370 | D        | Found a white marble altar of Elyvilon.
   371 | D        | Found a roughly hewn altar of Beogh.
   372 | D        | Found a viscous altar of Jiyva.
   373 | D        | Found a corrupted altar of Lugonu.
   374 | D        | Found a blossoming altar of Fedhas.
   375 | D        | Found a snail-covered altar of Cheibriados.
   376 | D        | Found a shadowy altar of Dithmenos.
   377 | D        | Found a stormy altar of Qazlal.
   378 | D        | Found an opulent altar of Gozag.
   379 | D        | Found a sacrificial altar of Ru.
   441 | D        | Noticed an orc wizard
   441 | D        | Noticed a wyvern
   441 | D        | Noticed an orc warrior
   445 | D        | Reached XP level 3. HP: 18/32 MP: 3/3
   446 | D        | Killed an orc warrior
   446 | D        | Received a gift from Trog
   446 | D        | Reached skill level 6 in Fighting
   446 | D        | Reached skill level 7 in Axes
   446 | D        | Reached skill level 1 in Stealth
   446 | D        | Reached XP level 4. HP: 19/41 MP: 4/4
   446 | D        | Reached XP level 5. HP: 21/47 MP: 5/5
   447 | D        | Killed an orc wizard
   457 | D        | Killed a wyvern
   457 | D        | Reached skill level 8 in Fighting
   457 | D        | Reached skill level 9 in Axes
   457 | D        | Reached skill level 1 in Evocations
   457 | D        | Reached XP level 6. HP: 26/57 MP: 6/6
   470 | D        | Noticed a slime creature
   470 | D        | Noticed an ice beast
   470 | D        | Noticed a hill giant
   470 | D        | Noticed a brown ugly thing
   470 | D        | Noticed a mottled dragon
   477 | D        | Killed a mottled dragon
   477 | D        | Reached skill level 10 in Axes
   477 | D        | Reached XP level 7. HP: 32/64 MP: 6/8
   482 | D        | Killed a purple ugly thing
   482 | D        | Received a gift from Trog
   482 | D        | Reached skill level 10 in Fighting
   482 | D        | Reached skill level 12 in Axes
   482 | D        | Reached skill level 5 in Armour
   482 | D        | Reached XP level 8. HP: 20/72 MP: 6/9
   484 | D        | Slain by a hill giant

Vault maps used:
D:        linesprint

Action                   |  1- 3 |  4- 6 |  7- 9 || total
-------------------------+-------+-------+-------++-------
Melee: Hand axe          |    37 |       |       ||    37
       War axe           |     2 |    11 |     4 ||    17
Evoke: Wand              |     1 |     3 |     1 ||     5
  Use: Potion            |     3 |     1 |     1 ||     5
 Stab: Invisible         |       |     3 |     1 ||     4
